 Dungeon Crawl Stone Soup version 0.23-a0-419-g0174fd8 (webtiles) character file.

1309 Geeful the Purveyor of Pain (level 8, -3/41 HPs)
             Began as a Deep Elf Necromancer on Nov 8, 2018.
             Was an Initiate of Kikubaaqudgha.
             Slain by a mummy (14 damage)
             ... in an ossuary on Nov 11, 2018.
             The game lasted 00:57:09 (9754 turns).

Geeful the Purveyor of Pain (Deep Elf Necromancer)  Turns: 9754, Time: 00:57:10

Health: -3/41      AC:  6    Str:  5    XL:     8   Next: 32%
Magic:  22/22      EV: 15    Int: 23    God:    Kikubaaqudgha [......]
Gold:   492        SH:  0    Dex: 15    Spells: 16/24 levels left

rFire    + . .     SeeInvis .   b - +1 short sword
rCold    . . .     Gourm    .   (no shield)
rNeg     . . .     Faith    .   a - +0 robe
rPois    .         Spirit   .   (no helmet)
rElec    .         Reflect  .   (no cloak)
rCorr    .         Harm     .   r - +2 pair of gloves {archery}
MR       .....                  l - +0 pair of boots
Stlth    ++........             (no amulet)
HPRegen  0.13/turn              f - ring of protection from fire
MPRegen  0.18/turn              (no ring)

@: no status effects
A: no striking features
a: Renounce Religion


You were in an ossuary.
You worshipped Kikubaaqudgha.
Kikubaaqudgha was noncommittal.
You were not hungry.

You visited 2 branches of the dungeon, and saw 8 of its levels.
You also visited: Ossuary.

You collected 492 gold pieces.

Inventory:

Hand Weapons
 b - a +1 short sword (weapon)
 m - a +0 shortbow
Missiles
 g - 69 arrows
Armour
 a - a +0 robe (worn)
 l - a +0 pair of boots (worn)
 r - a +2 pair of gloves of archery (worn)
Jewellery
 f - a ring of protection from fire (left hand)
 o - an uncursed amulet of rage
Wands
 w - a wand of random effects (7)
Scrolls
 d - 3 scrolls of enchant weapon
 i - 2 scrolls of remove curse
 x - a scroll of amnesia
Potions
 e - 3 potions of mutation {unknown}
 h - a potion of cancellation
 k - 3 potions of curing
 n - 2 potions of agility {unknown}
 s - a potion of degeneration {unknown}
 v - a potion of brilliance {unknown}
 z - 5 potions of haste
Comestibles
 c - 14 rations


   Skills:
 + Level 5.8 Dodging
 - Level 3.4 Stealth
 - Level 8.7 Spellcasting
 - Level 9.0 Necromancy


You had 16 spell levels left.
You knew the following spells:

 Your Spells              Type           Power        Failure   Level  Hunger
a - Pain                  Necr           ####         1%          1    None
b - Animate Skeleton      Necr           N/A          1%          1    None
c - Vampiric Draining     Necr           ######....   1%          3    None
d - Regeneration          Chrm/Necr      ####......   3%          3    None

Your spell library contained the following spells:

 Spells                   Type           Power        Failure   Level  Hunger
 Animate Dead             Necr           N/A          1%          4    ##.....
 Beastly Appendage        Tmut           ##....       6%          1    None
 Sticks to Snakes         Tmut           ##......     10%         2    None
 Spider Form              Tmut/Pois      ##........   19%         3    None
 Ice Form                 Ice/Tmut       ##......     54%         4    ##.....
 Blade Hands              Tmut           ##........   87%         5    ####...


Dungeon Overview and Level Annotations

Branches:
Dungeon (7/15)             Temple (1/1) D:6

Altars:
Ashenzari
Cheibriados
Dithmenos
Elyvilon
Fedhas
Gozag
Hepliaklqana
Kikubaaqudgha
Makhleb
Qazlal
Ru
Sif Muna
Trog
Uskayaw
Vehumet
Wu Jian
Xom
Yredelemnul
Zin
The Shining One

Shops:
D:6 (   D:7 :

Annotations:
D:4 exclusions: 2 hobgoblins and 1 more exclusion


Message History

The mummy completely misses you.
You hit the mummy but do no damage.
The mummy is almost destroyed.
You hit the mummy but do no damage.
The mummy is almost destroyed.
The mummy hits you!
You hit the mummy but do no damage.
The mummy is almost destroyed.
You hit the mummy.
The mummy is almost destroyed.
The mummy hits you!
* * * LOW HITPOINT WARNING * * *
You feel better. The mummy barely misses you.
You hit the mummy but do no damage.
The mummy is almost destroyed.
You barely miss the mummy.
The mummy is almost destroyed.
The mummy hits you!
You die...
Kikubaaqudgha rasps: "You have failed me!
Welcome... death!"

##....##
#..(.#
#....#
#..(.#
#..(.#
#..(.#
#..(.#
#..M.#
#.∩@.#
######


You could see a mummy.

Vanquished Creatures
  The ghost of Violenta the Shield-Bearer, an amateur GrFi (D:3)
  A black bear (D:6)
  An ice beast (D:4)
  A necrophage (D:5)
  A centaur (D:5)
  2 bullfrogs (D:6)
  A howler monkey (D:4)
  10 gnolls
  A hound (D:5)
  An orc priest (D:5)
  A gnoll shaman (D:6)
  2 orc wizards (D:4)
  A centaur skeleton (D:7)
  4 worker ants
  A big kobold zombie (Ossuary)
  A hound skeleton (D:5)
  4 mummies (Ossuary)
  2 worker ant zombies
  5 adders
  2 quokkas
  A shadow imp (D:6)
  An ooze (D:1)
  An adder zombie (D:6)
  2 adder skeletons
  2 worms
  A dart slug (D:5)
  3 leopard geckos
  12 orcs
  A giant cockroach (D:2)
  33 goblins
  21 hobgoblins
  2 jackals (D:1)
  10 kobolds
  5 bats
  A giant cockroach zombie (D:5)
  2 hobgoblin zombies (Ossuary)
  3 kobold zombies (Ossuary)
  A leopard gecko skeleton (D:5)
  2 orc zombies (Ossuary)
  A quokka zombie (D:5)
  5 rats
153 creatures vanquished.

Vanquished Creatures (collateral kills)
  An ogre (D:6)
  A howler monkey (D:3)
  An orc priest (D:3)
  3 gnolls
  A dart slug (D:4)
  A ball python (D:6)
  7 goblins (D:4)
  2 hobgoblins (D:4)
  A kobold (D:3)
18 creatures vanquished.

Vanquished Creatures (others)
  A scorpion (D:4)
  A crimson imp (D:5)
  A worker ant (D:4)
3 creatures vanquished.

Grand Total: 174 creatures vanquished

Notes
Turn   | Place    | Note
-------+----------+-------------------------------------------
     0 | D:1      | Geeful the Deep Elf Necromancer began the quest for the
                  | Orb.
     0 | D:1      | Reached XP level 1. HP: 10/10 MP: 6/6
   165 | D:1      | Learned a level 1 spell: Animate Skeleton
   440 | D:1      | Reached skill level 5 in Necromancy
   440 | D:1      | Reached XP level 2. HP: 15/15 MP: 6/8
  1119 | D:1      | Reached XP level 3. HP: 18/19 MP: 7/10
  1776 | D:2      | Learned a level 3 spell: Vampiric Draining
  1780 | D:2      | Learned a level 3 spell: Regeneration
  2394 | D:3      | Reached XP level 4. HP: 23/24 MP: 11/11
  2434 | D:3      | Found a runed gate.
  2436 | D:3      | Found a runed gate.
  2436 | D:3      | Found an opulent altar of Gozag.
  2437 | D:3      | Found a runed gate.
  2452 | D:3      | Noticed Violenta's ghost (amateur GrFi)
  2794 | D:3      | Killed Violenta's ghost
  2794 | D:3      | Reached skill level 5 in Spellcasting
  2794 | D:3      | Reached skill level 6 in Necromancy
  2794 | D:3      | Reached XP level 5. HP: 28/28 MP: 12/14
  3015 | D:4      | Reached XP level 6. HP: 13/32 MP: 3/16
  3308 | D:4      | Noticed an ice beast
  3321 | D:4      | Killed an ice beast
  3321 | D:4      | Reached skill level 7 in Necromancy
  4195 | D:4      | Reached XP level 7. HP: 29/36 MP: 14/19
  4540 | D:4      | Upgraded the game from 0.23-a0-413-g57a8110 to
                  | 0.23-a0-419-g0174fd8
  4950 | D:5      | Entered Level 5 of the Dungeon
  5352 | D:5      | Reached skill level 8 in Necromancy
  5896 | D:5      | Found a snail-covered altar of Cheibriados.
  7298 | D:6      | Found Nigumaf's Weapon Boutique.
  7563 | D:6      | Reached XP level 8. HP: 20/39 MP: 22/22
  7585 | D:6      | Reached skill level 9 in Necromancy
  8774 | D:6      | Reached skill level 5 in Dodging
  8816 | D:6      | Found a bloodstained altar of Trog.
  8818 | D:6      | Found a radiant altar of Vehumet.
  8822 | D:6      | Found a stormy altar of Qazlal.
  8824 | D:6      | Found a glowing golden altar of the Shining One.
  8824 | D:6      | Found a shimmering altar of Xom.
  8824 | D:6      | Found a deep blue altar of Sif Muna.
  8824 | D:6      | Found a shattered altar of Ashenzari.
  8825 | D:6      | Found a white marble altar of Elyvilon.
  8826 | D:6      | Found a burning altar of Makhleb.
  8829 | D:6      | Found a shadowy altar of Dithmenos.
  8901 | D:6      | Found a staircase to the Ecumenical Temple.
  8910 | Temple   | Entered the Ecumenical Temple
  9061 | Temple   | Became a worshipper of Kikubaaqudgha
  9246 | D:7      | Found Hicysh's Book Emporium.
  9343 | D:7      | Found a sand-covered staircase.
  9355 | Ossuary  | Entered an ossuary
  9754 | Ossuary  | Slain by a mummy

Vault maps used:
D:1:      evilmike_arrival_hilbert_curve
D:3:      ebering_ghost_gozag
D:4:      minmay_goblin_kobold_castle, first_ration
D:5:      kennysheep_slug_shrine
D:6:      corexii_shack_village, minitemple, temple_hall, serial_shops, shop
D:7:      serial_shops, nicolae_shop_crystal, enter_ossuary_4,
          uniq_prince_ribbit1
Temple:   minmay_temple_forest_path
Ossuary:  ossuary_tomb_3

Skill      XL: |  1  2  3  4  5  6  7  8 |
---------------+-------------------------+-----
Necromancy     | 5 6 7 8 9 |  9.0
Dodging        | 3 5 |  5.8
Stealth        | 3 |  3.4
Spellcasting   | 5 7 8 |  8.7

Action                   |  1- 3 |  4- 6 |  7- 9 || total
-------------------------+-------+-------+-------++-------
Melee: Short sword       |    37 |    17 |   392 ||   446
 Fire: Shortbow          |       |       |     7 ||     7
Throw: Javelin           |       |       |    23 ||    23
 Cast: Pain              |    46 |    72 |    85 ||   203
       Animate Skeleton  |    10 |    18 |    16 ||    44
       Regeneration      |     2 |       |       ||     2
       Vampiric Draining |       |       |     7 ||     7
Evoke: Wand              |       |    18 |    31 ||    49
  Use: Scroll            |     7 |     4 |     3 ||    14
       Potion            |       |       |     5 ||     5
 Stab: Sleeping          |     4 |     1 |     6 ||    11
       Confused          |       |       |     2 ||     2
       Distracted        |       |       |     1 ||     1
  Eat: Chunk             |     4 |     6 |     9 ||    19
       Ration            |       |       |     3 ||     3
Armor: Robe              |     8 |    13 |    91 ||   112
Dodge: Dodged            |    32 |    35 |   262 ||   329

Table legend:
 A = Non-vault XP
 B = Vault XP
 C = Vault XP percentage of total XP
 D = Non-vault monster count
 E = Vault monster count
 F = Vault count percentage of total count
                 A         B        C        D         E       F
            +---------+---------+-------+---------+---------+-------
      Total |    1400 |     470 |  25.1 |      93 |      79 |  45.9
            +---------+---------+-------+---------+---------+-------
        D:1 |      43 |       0 |   0.0 |      23 |       0 |   0.0
        D:2 |      45 |       0 |   0.0 |      13 |       0 |   0.0
        D:3 |      21 |     176 |  89.3 |       8 |       6 |  42.9
        D:4 |     374 |     159 |  29.8 |      17 |      49 |  74.2
        D:5 |     450 |       4 |   0.9 |      17 |       1 |   5.6
        D:6 |     412 |      25 |   5.7 |      13 |      11 |  45.8
        D:7 |      55 |       0 |   0.0 |       2 |       0 |   0.0
    Ossuary |       0 |     106 | 100.0 |       0 |      12 | 100.0
            +---------+---------+-------+---------+---------+-------
